 Dungeon Crawl Stone Soup version 0.22.1-1-ga44c0e5 (webtiles) character file.

239 dvd the Ruffian (level 5, -3/40 HPs)
             Began as a Draconian Transmuter on Oct 29, 2018.
             Slain by an ogre
             ... wielding a +0 giant club
              (31 damage)
             ... on level 4 of the Dungeon.
             The game lasted 00:11:35 (4158 turns).

dvd the Ruffian (Draconian Transmuter)              Turns: 4158, Time: 00:11:39

Health: -3/40      AC:  9    Str: 14    XL:     5   Next: 79%
Magic:  9/9        EV: 12    Int: 13    God:
Gold:   170        SH:  5    Dex: 11    Spells: 0/9 levels left

rFire    . . .     SeeInvis +     - Unarmed
rCold    . . .     Gourm    .   s - +2 buckler {AC+3}
rNeg     . . .     Faith    .   (armour unavailable)
rPois    +         Spirit   .   (helmet restricted)
rElec    .         Reflect  .   m - +0 cloak {rPois}
rCorr    .         Harm     .   (no gloves)
MR       .....                  (no boots)
Stlth    +.........             (no amulet)
HPRegen  0.13/turn              r - ring of see invisible
MPRegen  0.11/turn              v - ring of poison resistance

@: appendage (expiring)
A: unfitting armour, horns 2, cold-blooded, AC +5
a: End Transformation


You were on level 4 of the Dungeon.
You were not hungry.
You had grown temporary horns.
You visited 1 branch of the dungeon, and saw 4 of its levels.

You collected 170 gold pieces.

Inventory:

Hand Weapons
 f - a +1 mace of holy wrath
 n - a +2 quarterstaff of chaos
Missiles
 a - 38 arrows
Armour
 m - a +0 cloak of poison resistance (worn)
 s - a +2 buckler of protection (worn)
Jewellery
 r - a ring of see invisible (left hand)
 v - a ring of poison resistance (right hand)
Wands
 p - a wand of digging (9)
Scrolls
 b - 3 scrolls of teleportation {unknown}
 d - 3 scrolls of enchant weapon {unknown}
 e - 2 scrolls of blinking {unknown}
 h - 6 scrolls of remove curse {unknown}
 i - a scroll of magic mapping {unknown}
 l - 2 scrolls of identify {unknown}
 u - 2 scrolls of amnesia {unknown}
Potions
 g - a potion of lignification {unknown}
 j - 2 potions of curing {unknown}
 k - a potion of haste {unknown}
 o - a potion of mutation {unknown}
 q - a potion of magic {unknown}
 t - a potion of flight {unknown}
Comestibles
 c - 8 rations
 w - a chunk of flesh


   Skills:
 + Level 1.3 Fighting
 + Level 3.1 Dodging
 + Level 0.9 Stealth
 + Level 4.5 Unarmed Combat
 + Level 2.7 Spellcasting
 * Level 3.0 Transmutations
 + Level 0.3 Poison Magic


You couldn't memorise any spells.
You knew the following spells:

 Your Spells              Type           Power        Failure   Level  Hunger
a - Beastly Appendage     Tmut           #.....       11%         1    #......
b - Spider Form           Tmut/Pois      #.........   52%         3    ###....
c - Blade Hands           Tmut           #.........   97%         5    ######.

Your spell library contained the following spells:

 Spells                   Type           Power        Failure   Level  Hunger
 Sticks to Snakes         Tmut           #.......     17%         2    ###....
 Ice Form                 Ice/Tmut       #.......     91%         4    #####..


Dungeon Overview and Level Annotations

Branches:
Dungeon (4/15)
 Temple: D:4-7

Altars:
Gozag
Vehumet

Shops:
D:4 =

Annotations:
D:3 3 runed doors, Edmund; SeriousVitamin's ghost, amateur DEAE


Innate Abilities, Weirdness & Mutations

Your plain brown scales are hard. (AC +5)
You cannot fit into any form of body armour.
You are cold-blooded and may be slowed by cold attacks.
You have a pair of horns on your head.


Message History

The ogre is severely wounded.
The ogre closely misses you.
You barely miss the ogre.
The ogre is severely wounded.
You completely miss the ogre.
The ogre is severely wounded.
The ogre barely misses you.
You hit the ogre.
The ogre is severely wounded.
The ogre misses you.
You hit the ogre.
The ogre is severely wounded.
You hit the ogre.
You headbutt the ogre, but do no damage.
You tail-slap the ogre.
The ogre is almost dead.
Your transformation is almost over.
The ogre hits you with a giant club!!
Ouch! That really hurt!
You die...

####################
#...................
###.################
#.# #.# #.# #.# #.#
#@# #O##########
#..........#
##########'# ...
...# ...# ...# $..#


You could see an ogre.

Vanquished Creatures
  Crazy Yiuf (D:2)
  Jessica (D:3)
  Robin (D:2)
  A howler monkey skeleton (D:3)
  4 adders
  2 worms
  3 dart slugs (D:1)
  3 leopard geckos
  9 orcs (D:3)
  7 bats
  4 giant cockroaches
  19 goblins
  12 hobgoblins
  3 jackals (D:1)
  11 kobolds
  2 quokkas (D:3)
  3 ball pythons
  A ball python skeleton (D:4)
  6 frilled lizards
  11 rats
104 creatures vanquished.

Notes
Turn   | Place    | Note
-------+----------+-------------------------------------------
     0 | D:1      | dvd the Draconian Transmuter began the quest for the Orb.
     0 | D:1      | Reached XP level 1. HP: 16/16 MP: 3/3
   168 | D:1      | Reached XP level 2. HP: 11/23 MP: 3/5
   733 | D:1      | Reached XP level 3. HP: 27/28 MP: 4/6
  1056 | D:2      | Noticed Robin
  1229 | D:2      | Killed Robin
  1232 | D:2      | Reached XP level 4. HP: 34/35 MP: 5/7
  1785 | D:2      | Learned a level 3 spell: Spider Form
  2020 | D:2      | Found a runed door.
  2024 | D:2      | Noticed Crazy Yiuf
  2035 | D:2      | Killed Crazy Yiuf
  2035 | D:2      | Reached skill level 4 in Unarmed Combat
  2623 | D:3      | Noticed Jessica
  2641 | D:3      | Reached XP level 5. HP: 27/40 MP: 2/8
  2647 | D:3      | Killed Jessica
  3077 | D:3      | Found a radiant altar of Vehumet.
  3243 | D:3      | Noticed SeriousVitamin's ghost (amateur DEAE)
  3253 | D:3      | Found an opulent altar of Gozag.
  3299 | D:3      | Found a runed gate.
  3299 | D:3      | Found a runed gate.
  3299 | D:3      | Found a runed gate.
  3930 | D:4      | Noticed Edmund
  4063 | D:4      | Learned a level 5 spell: Blade Hands
  4083 | D:4      | Found Inaxop's Jewellery Shoppe.
  4137 | D:4      | Noticed an ogre
  4158 | D:4      | Slain by an ogre

Skill      XL: |  1  2  3  4  5 |
---------------+----------------+-----
Dodging        | 2 3 |  3.1
Unarmed Combat | 4 |  4.5
Transmutations | 3 |  3.0
Fighting       | |  1.3
Stealth        | |  0.9
Spellcasting   | |  2.7
Poison Magic   | |  0.3

Action                   |  1- 3 |  4- 6 || total
-------------------------+-------+-------++-------
Melee: Unarmed           |   120 |   189 ||   309
       Kick              |    19 |     9 ||    28
       Tailslap          |    11 |    14 ||    25
       Headbutt          |     5 |    15 ||    20
       Punch             |       |     1 ||     1
 Cast: Beastly Appendage |    26 |    27 ||    53
       Spider Form       |       |     3 ||     3
 Stab: Sleeping          |     1 |     1 ||     2
  Eat: Chunk             |     2 |    10 ||    12
Armor: Skin              |    43 |    50 ||    93
Dodge: Dodged            |    91 |   105 ||   196
Block: Buckler           |       |     6 ||     6
